 Dungeon Crawl Stone Soup version 0.31.0 (webtiles) character file.

Game seed: 8405068916320579155

263 qw the Shooter (level 6, -2/39 HPs)
             Began as a Gargoyle Hunter on Jan 19, 2024.
             Was an Initiate of Okawaru.
             Slain by an ogre
             ... wielding a +0 giant spiked club
              (13 damage)
             ... on level 4 of the Dungeon.
             The game lasted 00:00:11 (1968 turns).

qw the Shooter (Gargoyle Hunter)                    Turns: 1968, Time: 00:00:12

Health: -2/39      AC: 10    Str: 14    XL:     6   Next: 19%
Magic:  6/6        EV: 15    Int: 10    God:    Okawaru [......]
Gold:   122        SH:  0    Dex: 15    Spells: 5/5 levels left

rFire   . . .        a - +0 shortbow
rCold   . . .        (shield currently unavailable)
rNeg    + . .        f - +0 ring mail
rPois   inf          i - +0 helmet
rElec   +            (no cloak)
rCorr   .            (no gloves)
SInv    .            (no boots)
Will    .....        (no amulet)
Stlth   +            h - +5 ring of evasion
HPRegen 0.26/turn    (no ring)
MPRegen 0.10/turn

%: no passive effects
@: no status effects
A: sickness immunity, AC +4, negative energy resistance 1, electricity
resistance, torment resistance 1, petrification resistance
a: Renounce Religion


You were on level 4 of the Dungeon.
You worshipped Okawaru.
Okawaru was noncommittal.
You visited 1 branch of the dungeon, and saw 4 of its levels.

You collected 122 gold pieces.


Innate Abilities, Weirdness & Mutations

You are immune to sickness and miasma.
Your stone body is resilient. (AC +4)
You are immune to poison.
You resist negative energy. (rN+)
You are resistant to electric shocks. (rElec)
You are resistant to unholy torment.
You are immune to petrification.


   Skills:
 - Level 4.7 Fighting
 + Level 6.0 Ranged Weapons
 - Level 1.0 Armour
 - Level 1.5 Dodging
 - Level 1.1 Stealth


You had 5 spell levels left.
You didn't know any spells.
Your spell library was empty.

Inventory:

Hand Weapons
 a - a +0 shortbow (weapon)
Armour
 f - a +0 ring mail (worn)
 i - a +0 helmet (worn)
Jewellery
 h - a +5 ring of evasion (left hand)
Wands
 d - a wand of flame (17)
Potions
 b - a potion of heal wounds
 c - a potion of resistance
 g - a potion of brilliance {unknown}

Dungeon Overview and Level Annotations

Branches:
Dungeon (4/15)
 Temple: D:4-7

Altars:
Cheibriados
Okawaru


Message History

The hobgoblin closely misses you.
You shoot an arrow. The arrow hits the hobgoblin.
The hobgoblin is almost dead.
The hobgoblin barely misses you.
You shoot an arrow. The arrow hits the hobgoblin.
You kill the hobgoblin!
Okawaru accepts your kill.
You start resting.
HP restored.
You see here a +0 dagger.
There is a large open door here.
An ogre comes into view. It is wielding a +0 giant spiked club.
You shoot an arrow. The arrow hits the ogre.
The ogre is lightly wounded.
You shoot an arrow. The arrow hits the ogre.
The ogre is lightly wounded.
You shoot an arrow. The arrow completely misses the ogre.
You shoot an arrow.
The arrow hits the ogre but does no damage.
The ogre is lightly wounded.
You shoot an arrow. The arrow hits the ogre.
The ogre is moderately wounded.
You shoot an arrow.
The arrow hits the ogre but does no damage.
The ogre is moderately wounded.
The ogre hits you with a +0 giant spiked club!
You shoot an arrow. The arrow hits the ogre.
The ogre is moderately wounded.
The ogre misses you.
You shoot an arrow. The arrow hits the ogre.
The ogre is heavily wounded.
The ogre barely misses you.
You shoot an arrow. The arrow hits the ogre.
The ogre is heavily wounded.
You shoot an arrow. The arrow barely misses the ogre.
The ogre hits you with a +0 giant spiked club!!
You shoot an arrow. The arrow hits the ogre.
The ogre is severely wounded.
The ogre hits you with a +0 giant spiked club!
You die...

#........##....
#####.########.
###.# #. #...# #.
#.### #. #.####
##. #.##.## ##..
...#.#######.#...#
#...
......O@......####
##..
...#.#######.##


777 #.. #...#77.777#.. #...')7.7.7##. #...'..7.77 ## #####777.7 # 777 You could
see an ogre.

Vanquished Creatures
  A scorpion (D:4)
  A bombardier beetle (D:3)
  Robin (D:2)
  4 gnolls (D:3)
  5 adders
  A dart slug (D:1)
  An orc (D:4)
  8 endoplasms
  7 goblins
  11 hobgoblins
  6 kobolds
  5 quokkas
  4 ball pythons
  5 bats
  7 frilled lizards
  3 rats (D:2)
70 creatures vanquished.

Notes
Turn   | Place    | Note
-------+----------+-------------------------------------------
     0 | D:1      | qw the Gargoyle Hunter began the quest for the Orb.
     0 | D:1      | Reached XP level 1. HP: 12/12 MP: 1/1
     0 | D:1      | 0 ||| qw: Version: 0.3-a-132-g3d54051
     0 | D:1      | 0 ||| qw: Game counter: 38
     0 | D:1      | 0 ||| qw: Melee chars always use a shield: true
     0 | D:1      | 0 ||| qw: God list: Okawaru
     0 | D:1      | 0 ||| qw: Allow faded altars: false
     0 | D:1      | 0 ||| qw: Do Orc after clearing Dungeon:15 true
     0 | D:1      | 0 ||| qw: Do second Lair branch before Depths: true
     0 | D:1      | 0 ||| qw: Lair rune preference: random
     0 | D:1      | 0 ||| qw: Goals: Normal
     0 | D:1      | 0 ||| PLANNING D:1-11
   134 | D:1      | Reached XP level 2. HP: 15/17 MP: 2/2
   293 | D:1      | Reached XP level 3. HP: 21/21 MP: 3/3
   388 | D:1      | Reached skill level 5 in Ranged Weapons
   493 | D:1      | 493 ||| UPGRADING to +0 ring mail.
   503 | D:1      | 503 ||| DROPPING +0 leather armour.
   504 | D:1      | 504 ||| UPGRADING to +0 helmet.
   509 | D:1      | 509 ||| UPGRADING to +5 ring of evasion.
   510 | D:1      | 510 ||| READING scroll labelled JEANKO ZIGH.
   510 | D:1      | 510 ||| IDENTIFYING white potion
   511 | D:1      | 511 ||| READING scroll labelled PYICKUQIGG.
   512 | D:1      | 512 ||| DROPPING scroll of butterflies.
   513 | D:1      | 513 ||| DROPPING potion of degeneration.
   532 | D:2      | Noticed Robin
   533 | D:2      | 533 ||| STAIRDANCE
   541 | D:2      | 541 ||| STAIRDANCE
   573 | D:2      | 573 ||| STAIRDANCE
   582 | D:1      | Reached skill level 1 in Armour
   587 | D:1      | HP: 5/22 [goblin/+0 club[Robin] (3)]
   592 | D:1      | HP: 3/22 [goblin/+0 club[Robin] (1)]
   676 | D:2      | 676 ||| STAIRDANCE
   692 | D:2      | Killed Robin
   693 | D:2      | 693 ||| STAIRDANCE
   770 | D:2      | Reached XP level 4. HP: 27/27 MP: 4/4
   826 | D:2      | Found a snail-covered altar of Cheibriados.
   839 | D:2      | Reached skill level 3 in Fighting
  1251 | D:2      | 1251 ||| READING scroll of identify.
  1251 | D:2      | 1251 ||| IDENTIFYING sedimented ruby potion
  1252 | D:2      | 1252 ||| DRINKING 2 green potions.
  1301 | D:3      | 1301 ||| RETREEEEATING.
  1302 | D:3      | 1302 ||| RETREEEEATING.
  1303 | D:3      | 1303 ||| RETREEEEATING.
  1304 | D:3      | 1304 ||| RETREEEEATING.
  1305 | D:3      | 1305 ||| RETREEEEATING.
  1312 | D:3      | Reached XP level 5. HP: 30/32 MP: 5/5
  1322 | D:3      | 1322 ||| FLEEEEING.
  1327 | D:3      | 1327 ||| STAIRDANCE
  1383 | D:2      | 1383 ||| READING scroll labelled TIWNOI REANUXE.
  1384 | D:2      | 1384 ||| FLEEEEING.
  1474 | D:3      | Reached skill level 6 in Ranged Weapons
  1489 | D:3      | Found the +8 lance "Wyrmbane" {slay drac, rPois rF+ rC+
                  | AC+3}
  1665 | D:3      | Found an iron altar of Okawaru.
  1666 | D:3      | 1666 ||| PLANNING OKAWARU WORSHIP
  1666 | D:3      | 1666 ||| READING 2 scrolls of identify.
  1666 | D:3      | 1666 ||| IDENTIFYING fizzy green potion
  1667 | D:3      | 1667 ||| READING scroll of identify.
  1667 | D:3      | 1667 ||| IDENTIFYING smoky brown potion
  1668 | D:3      | 1668 ||| READING scroll labelled DEULAICVIH.
  1669 | D:3      | 1669 ||| DROPPING potion of invisibility.
  1670 | D:3      | 1670 ||| DROPPING potion of lignification.
  1675 | D:3      | Became a worshipper of Warmaster Okawaru
  1676 | D:3      | 1676 ||| PLANNING D:1-11
  1756 | D:3      | 1756 ||| READING scroll labelled FAOCWE ISORARA.
  1858 | D:4      | Reached XP level 6. HP: 39/39 MP: 6/6
  1968 | D:4      | Slain by an ogre

Levels and vault maps discovered:
D:1:      nagdon_arrival_double_spiral, layout_rooms
D:2:      layout_loops_ring, basic_altar, uniq_robin
D:3:      layout_basic, okawaru_trees_2
D:4:      minmay_wonky_spiral, layout_loops_corners,
          chequers_temple_overflow_statue_of_worship, kennysheep_generic_room_12

Skill      XL: |  1  2  3  4  5 |
---------------+----------------+-----
Ranged Weapons | 5 6 |  6.0
Armour         | 1 |  1.0
Fighting       | 3 4 |  4.7
Dodging        | |  1.5
Stealth        | |  1.1

Action                     |  1- 3 |  4- 6 || total
---------------------------+-------+-------++-------
   Fire: Shortbow          |    99 |   124 ||   223
    Use: Scroll            |     2 |     6 ||     8
         Potion            |       |     1 ||     1
 Armour: Leather armour    |    16 |       ||    16
         Ring mail         |    59 |    34 ||    93
  Dodge: Dodged            |    84 |    54 ||   138

Table legend:
 A = Non-vault XP
 B = Vault XP
 C = Vault XP percentage of total XP
 D = Non-vault monster count
 E = Vault monster count
 F = Vault count percentage of total count
                 A         B        C        D         E       F
            +---------+---------+-------+---------+---------+-------
      Total |     319 |      57 |  15.2 |      54 |      16 |  22.9
            +---------+---------+-------+---------+---------+-------
        D:1 |      43 |      16 |  27.1 |      24 |       8 |  25.0
        D:2 |      43 |      20 |  31.7 |      14 |       3 |  17.6
        D:3 |     145 |       0 |   0.0 |      15 |       0 |   0.0
        D:4 |      88 |      21 |  19.3 |       1 |       5 |  83.3
            +---------+---------+-------+---------+---------+-------
